 Dungeon Crawl Stone Soup version 0.31-a0-441-g867994ef1c (webtiles) character file.

Game seed: 1583079305225433619

102 Hubris850 the Ruffian (level 4, -11/63 HPs)
             Began as a Troll Shapeshifter on Aug 2, 2023.
             Killed by divine providence
             ... invoked by an orc priest
              (15 damage)
             ... on level 3 of the Dungeon.
             The game lasted 00:03:56 (1766 turns).

Hubris850 the Ruffian (Troll Shapeshifter)          Turns: 1766, Time: 00:03:56

Health: -11/63     AC: 22    Str: 23    XL:     4   Next: 49%
Magic:  3/3        EV:  1    Int:  4    God:
Gold:   112        SH:  0    Dex: 12    Spells: 3/3 levels left

rFire   . .          .
                       - Unarmed
rCold   . . .        (no shield)
rNeg    . . .        a - melded +0 animal skin
rPois   +            (helmet currently unavailable)
rElec   .            (cloak currently unavailable)
rCorr   .            (gloves unavailable)
SInv    .            (boots unavailable)
Will    .....        (no amulet)
Stlth   +            (no ring)
HPRegen 1.10/turn    (no ring)
MPRegen 0.08/turn

%: no passive effects
@: tree-form
A: stationary, stasis, torment immunity, boosted hp, large, unfitting armour,
(claws 3), regeneration 1, (shaggy fur 1), (tough skin 1)
a: no special abilities


You were on level 3 of the Dungeon.
You were a tree.
You visited 1 branch of the dungeon, and saw 3 of its levels.

You collected 112 gold pieces.

Inventory:

Missiles
 o - 6 boomerangs
 q - 2 atropa-tipped darts
Armour
 a - a +0 animal skin (melded)
Talismans
 c - a beast talisman
Scrolls
 d - a scroll of fog {unknown}
 e - a scroll of revelation {unknown}
 f - a scroll of poison {unknown}
 g - 2 scrolls of identify {unknown}
 h - 2 scrolls of immolation {unknown}
 n - a scroll of enchant weapon {unknown}
Potions
 i - 2 potions of resistance {unknown}
 j - a potion of attraction {unknown}
 k - a potion of curing {unknown}
 l - 4 potions of heal wounds {unknown}
 m - a potion of cancellation {unknown}
 p - a potion of degeneration {unknown}
 r - a potion of brilliance {unknown}
 s - a potion of enlightenment {unknown}


   Skills:
 - Level 2.0 Fighting
 + Level 2.6 Dodging
 + Level 3.9 Unarmed Combat
 - Level 3.0 Shapeshifting


You had 3 spell levels left.
You didn't know any spells.
Your spell library contained the following spells:

 Spells                   Type           Power      Damage    Failure   Level
 Lesser Beckoning         Tloc           0%         N/A       65%         2
 Call Canine Familiar     Summ           0%         N/A       86%         3
 Gell's Gravitas          Tloc           0%         N/A       86%         3
 Portal Projectile        Hex/Tloc       0%         N/A       86%         3
 Teleport Other           Tloc           0%         N/A       86%         3
 Leda's Liquefaction      Hex/Erth       0%         N/A       99%         4


Dungeon Overview and Level Annotations

Branches:
Dungeon (3/15)

Altars:


Innate Abilities, Weirdness & Mutations

You are a tree.
Your roots penetrate the ground, keeping you stationary.
You cannot be teleported.
You are immune to unholy pain and torment.
Your maximum health is greatly increased.
Your equipment is partially melded.
You are too large for most types of armour.
((You have claws for hands.))
Your natural rate of healing is unusually fast.
((You are covered in fur. (AC +1)))
((You have tough skin. (AC +1)))


Message History

You closely miss the orc priest. The orc priest hits you with a +0 club.
The orc priest looks braver for a moment.
The orc hits you with a +0 morningstar.
You barely miss the orc priest. The orc priest barely misses you.
The orc priest hits you with a +0 short sword.
The orc hits you with a +0 morningstar.
* * * LOW HITPOINT WARNING * * *
You completely miss the orc priest.
A rat comes into view.
The orc priest hits you but does no damage.
The orc priest hits you with a +0 short sword.
* * * LOW HITPOINT WARNING * * *
The orc hits you with a +0 morningstar.
* * * LOW HITPOINT WARNING * * *
Really quaff the potion of lignification?
Your transformation has ended.
You turn into a tree.
Your +0 animal skin melds into your body.
Your roots penetrate the ground.
The orc priest hits you but does no damage.
The orc priest looks braver for a moment.
The orc hits you but does no damage.
You barely miss the orc priest.
The orc priest hits you with a +0 short sword.
* * * LOW HITPOINT WARNING * * *
The orc priest hits you with a +0 club.
* * * LOW HITPOINT WARNING * * *
The orc hits you but does no damage.
You hit the orc priest.
The orc priest is heavily wounded.
The rat bites you but does no damage.
The orc priest hits you but does no damage. x2
The orc hits you with a +0 morningstar!
* * * LOW HITPOINT WARNING * * *
You smack the orc priest!
The orc priest is almost dead.
The orc priest hits you but does no damage.
The orc priest invokes the aid of Beogh against you.
Beogh smites you!
You die...

.#+#.#####........# #
..................# .
..................# .
.........#..>.....######
.
.......#...#............
.
.....#...#...#..........
.
.#.#...#...#...#........
.
.#...#...#...#..........
.
...#...#...#...#♣o#####
. .....#...#...#.oor# .
...#...#...#...#.... .
..#...#....### .
..#...#..# # #...#....#
# .#......# . ####


You could see 2 orc priests, an orc and a rat.

Vanquished Creatures
  4 adders (D:2)
  A worm (D:2)
  2 orcs
  11 ball pythons
  4 endoplasms
  3 giant cockroaches (D:3)
  A goblin (D:2)
  A hobgoblin (D:2)
  5 jackals (D:3)
  A quokka (D:3)
  8 bats
  3 frilled lizards
  23 rats
67 creatures vanquished.

Notes
Turn   | Place    | Note
-------+----------+-------------------------------------------
     0 | D:1      | Hubris850 the Troll Shapeshifter began the quest for the
                  | Orb.
     0 | D:1      | Reached XP level 1. HP: 18/18 MP: 0/0
   373 | D:1      | Reached skill level 1 in Fighting
   423 | D:1      | Reached XP level 2. HP: 27/27 MP: 1/1
   868 | D:2      | Reached XP level 3. HP: 33/33 MP: 2/2
  1194 | D:2      | Reached XP level 4. HP: 42/42 MP: 3/3
  1765 | D:3      | HP: 3/63 [orc/+0 morningstar (8)]
  1766 | D:3      | Killed from afar by an orc priest

Illustrated notes

Levels and vault maps discovered:
D:1:      dpeg_arrival_tiny_g, layout_loops_corners
D:2:      layout_rooms
D:3:      minmay_wonky_spiral, layout_basic, hex_medium, hangedman_glass_garden,
          grunt_ministairs_12, minmay_rat_hole

Skill      XL: |  1  2  3  4 |
---------------+-------------+-----
Fighting       | 1 2 |  2.0
Dodging        | 2 |  2.6
Unarmed Combat | |  3.9
Shapeshifting  | |  3.0

Action                     |  1- 3 |  4- 6 || total
---------------------------+-------+-------++-------
  Melee: Unarmed           |    57 |    79 ||   136
         Punch             |     3 |     1 ||     4
    Use: Potion            |       |     1 ||     1
   Stab: Sleeping          |     1 |       ||     1
 Armour: Animal skin       |    22 |    25 ||    47
         Skin              |       |     7 ||     7
  Dodge: Dodged            |    32 |    36 ||    68

Table legend: (Time is in decaauts)
 A = Elapsed time spent in this place.
 B = Non-inter-level travel time spent in this place.
 C = Inter-level travel time spent in this place.
 D = Time resting spent in this place.
 E = Time spent auto-exploring this place.
 F = Levels seen in this place.
 G = Mean time per level.
                   A        B        C        D        E       F      G
               +--------+--------+--------+--------+--------+-----+--------+
         Total |   1756 |   1711 |     45 |      0 |   1396 |   3 |  585.3 |
       Dungeon |   1756 |   1711 |     45 |      0 |   1396 |   3 |  585.3 |
               +--------+--------+--------+--------+--------+-----+--------+

Top non-repeatable levels by time:
     D:1: 818 daAuts
     D:2: 518 daAuts
     D:3: 420 daAuts
